 Dungeon Crawl Stone Soup version 0.30.1-9-gdf580d7c3d (webtiles) character file.

Game seed: 6088640845507957435

93 NorthWizard01 the Grave Robber (level 4, -6/30 HPs)
             Began as a Human Necromancer on Sept 30, 2023.
             Mangled by a gnoll
             ... wielding a +0 halberd
              (7 damage)
             ... on level 3 of the Dungeon.
             The game lasted 00:12:54 (2403 turns).

NorthWizard01 the Grave Robber (Human Necromancer)  Turns: 2403, Time: 00:12:55

Health: -6/30      AC:  2    Str:  8 (9)  XL:     4   Next: 92%
Magic:  3/7        EV: 12    Int: 20 (23) God:
Gold:   124        SH:  0    Dex: 10 (13) Spells: 3/7 levels left

rFire   . . .        h - staff of poison
rCold   . . .        (no shield)
rNeg    . . .        a - +0 robe
rPois   +            (no helmet)
rElec   .            (no cloak)
rCorr   .            (no gloves)
SInv    .            (no boots)
Will    .....        (no amulet)
Stlth   ++           b - +6 ring of intelligence
HPRegen 0.25/turn    (no ring)
MPRegen 0.10/turn

%: no passive effects
@: about to teleport
A: no striking features
a: no special abilities


You were on level 3 of the Dungeon.
You visited 1 branch of the dungeon, and saw 3 of its levels.

You collected 124 gold pieces.

Inventory:

Hand Weapons
 d - a +0 whip
Armour
 a - a +0 robe (worn)
Magical Staves
 h - a staff of poison (weapon)
Jewellery
 b - a +6 ring of intelligence (left hand)
Scrolls
 c - a scroll of enchant weapon {unknown}


   Skills:
 + Level 2.3 Dodging
 + Level 2.4 Stealth
 - Level 2.0 Spellcasting
 + Level 5.6 Necromancy


You had 3 spell levels left.
You knew the following spells:

 Your Spells              Type           Power      Damage    Failure   Level
a - Necrotise             Necr           96%        1d8       1%          1
b - Vampiric Draining     Necr           24%        2d7       4%          3

Your spell library contained the following spells:

 Spells                   Type           Power      Damage    Failure   Level
 Animate Dead             Necr           24%        N/A       16%         4
 Agony                    Necr           24%        N/A       41%         5


Dungeon Overview and Level Annotations

Branches:
Dungeon (3/15)

Altars:


Message History

The gnoll shouts!
The gnoll bouda gazes fiercely through you!
You feel your attacks grow feeble.
The gnoll bouda gazes fiercely through you!
You feel as though you will be weak longer.
The gnoll shouts!
Your attacks no longer feel as feeble.
Casting: Necrotise (safe; 1% risk of failure)
Confirm with . or Enter, or press ? or * to list all spells.
Okay, then.
The gnoll closely misses you.
Casting: Necrotise (safe; 1% risk of failure)
Confirm with . or Enter, or press ? or * to list all spells.
Aiming: Vampiric Draining (dangerous; 4% risk of failure)
Press: ? - help, Shift-Dir - straight line, f - gnoll
Aim: a gnoll, wielding a +0 halberd You draw life force from the gnoll.
The gnoll hits you with a +0 halberd. The gnoll closely misses you.
The gnoll hits you with a +0 halberd!
Casting: Vampiric Draining (dangerous; 4% risk of failure)
Confirm with . or Enter, or press ? or * to list all spells.
Aiming: Necrotise (safe; 1% risk of failure)
Press: ? - help, Shift-Dir - straight line, f/p - gnoll
Aim: a gnoll, wielding a +0 halberd (moderately wounded, chance to affect: 88%)
The gnoll writhes in agony.
The gnoll is no longer moving quickly. x2
The gnoll barely misses you.
The gnoll bouda barks out a call to the hunt!
The gnolls pick up the pace!
The gnoll barely misses you. The gnoll attacks as you move away!
The gnoll barely misses you. The gnoll hits you with a +0 whip!
* * * LOW HITPOINT WARNING * * *
The gnoll closely misses you.
As you read the scroll of teleportation, it crumbles to dust.
You feel strangely unstable. The gnoll barely misses you. The gnoll misses you.
The gnoll attacks as you move away! The gnoll completely misses you.
The gnoll throws a throwing net.
The throwing net barely misses you. The gnoll hits you with a +0 whip.
* * * LOW HITPOINT WARNING * * *
The gnoll hits you from afar with a +0 halberd!
You die...

#.#...............# #
######..........# #.
#..........# #.#
#..........#
###..#####..........#####
.................<.......
....................!....
............ggg..........
............gg.@....(....
#######.###########......
#.## ...... #..## ......
##..# ...... ##.####
##########.g..###
................#
#######...###...##


You could see a gnoll bouda and 4 gnolls.

Vanquished Creatures
  An adder (D:2)
  2 gnolls (D:3)
  2 worms
  3 dart slugs
  6 ball pythons (D:1)
  2 bats
  3 endoplasms
  2 giant cockroaches (D:1)
  6 hobgoblins
  3 jackals
  4 quokkas
  3 frilled lizards (D:2)
  4 goblins
  A kobold (D:2)
  5 rats
47 creatures vanquished.

Vanquished Creatures (collateral kills)
  A bat (D:1)
  A kobold (D:1)
  A rat (D:2)
3 creatures vanquished.

Grand Total: 50 creatures vanquished

Notes
Turn   | Place    | Note
-------+----------+-------------------------------------------
     0 | D:1      | NorthWizard01 the Human Necromancer began the quest for the
                  | Orb.
     0 | D:1      | Reached XP level 1. HP: 13/13 MP: 3/3
    53 | D:1      | Found a faded altar of an unknown god.
   127 | D:1      | Reached XP level 2. HP: 19/19 MP: 1/5
   475 | D:1      | Reached XP level 3. HP: 23/24 MP: 4/6
   480 | D:1      | Learned a level 3 spell: Vampiric Draining
  1013 | D:1      | Reached skill level 5 in Necromancy
  1414 | D:2      | Reached XP level 4. HP: 8/30 MP: 3/7
  2403 | D:3      | HP: 1/30 [gnoll/+0 whip (5)]
  2403 | D:3      | Mangled by a gnoll

Illustrated notes

Levels and vault maps discovered:
D:1:      dpeg_arrival_erosion, layout_loops_ring,
          dreamdust_ecumenical_altar_hidden_monk_grotto
D:2:      layout_rooms
D:3:      layout_basic, serial_shops, shop

Skill      XL: |  1  2  3 |
---------------+----------+-----
Necromancy     | 5 |  5.6
Dodging        | |  2.3
Stealth        | |  2.4
Spellcasting   | |  2.0

Action                     |  1- 3 |  4- 6 || total
---------------------------+-------+-------++-------
  Melee: Whip              |    15 |       ||    15
         Staff             |       |     4 ||     4
   Cast: Necrotise         |    47 |    27 ||    74
         Vampiric Draining |     6 |     7 ||    13
    Use: Potion            |     1 |     3 ||     4
         Scroll            |       |     2 ||     2
   Stab: Sleeping          |     2 |     4 ||     6
 Armour: Robe              |    13 |     3 ||    16
  Dodge: Dodged            |    41 |    31 ||    72
